 Dungeon Crawl Stone Soup version 0.27.1-33-g824d729ab1 (webtiles) character file.

Game seed: 1966573740965949967

684 belegose the Sneak (level 7, -5/59 HPs)
             Began as a Ghoul Brigand on Dec 12, 2021.
             Slain by a lemure (7 damage)
             ... led by Pikel
             ... on level 3 of the Dungeon.
             The game lasted 00:10:18 (5006 turns).

belegose the Sneak (Ghoul Brigand)                  Turns: 5006, Time: 00:10:19

Health: -5/59      AC:  6    Str: 15    XL:     7   Next: 62%
Magic:  6/6        EV: 12    Int:  7    God:
Gold:   122        SH:  0    Dex: 11    Spells: 6/6 levels left

rFire    . . .     SeeInvis .   b - +3 short sword (drain)
rCold    + . .     Faith    .   (no shield)
rNeg     + + +     Spirit   .   p - +0 robe
rPois    ∞         Reflect  .   k - +2 hat
rElec    .         Harm     .   c - +0 cloak
rCorr    .         Rampage  .   (no gloves)
Will     .....                  s - +0 pair of boots
Stlth    +++.......             (no amulet)
HPRegen  0.00/turn              (no ring)
MPRegen  0.10/turn              (no ring)

@: inhibited regen
A: claws 1, cold resistance 1, negative energy resistance 3, inhibited
regeneration, torment resistance 2
a: no special abilities


You were on level 3 of the Dungeon.
You visited 1 branch of the dungeon, and saw 4 of its levels.

You collected 122 gold pieces.

Inventory:

Hand Weapons
 a - a +2 dagger
 b - a +3 short sword of draining (weapon)
Missiles
 d - 14 poisoned darts (quivered)
 m - 2 throwing nets
 q - 2 curare-tipped darts
Armour
 c - a +0 cloak (worn)
 k - a +2 hat (worn)
 p - a +0 robe (worn)
 s - a +0 pair of boots (worn)
Wands
 e - a wand of paralysis (2)
 f - a wand of charming (12)
Scrolls
 i - a scroll of magic mapping
 l - 2 scrolls of teleportation
 n - a scroll of blinking
 o - a scroll of acquirement {unknown}
 r - a scroll of noise {unknown}
Potions
 j - a potion of brilliance
 t - a potion of invisibility


   Skills:
 + Level 4.2 Fighting
 + Level 3.3 Short Blades
 + Level 3.3 Throwing
 + Level 3.0 Dodging
 + Level 5.9 Stealth
 + Level 2.5 Evocations


You had 6 spell levels left.
You didn't know any spells.
Your spell library contained the following spells:

 Spells                   Type           Power      Damage    Failure   Level
 Pain                     Necr           0%         1d4       43%         1
 Agony                    Necr           0%         N/A       100%        5
 Excruciating Wounds      Necr           0%         N/A       100%        5


Dungeon Overview and Level Annotations

Branches:
Dungeon (4/15)
 Temple: D:4-7

Altars:
Gozag
Qazlal
Sif Muna

Annotations:
D:3 3 runed translucent doors, exclusion: 3 doors, coolguy420's ghost, amateur HuCj
D:4 Pikel


Innate Abilities, Weirdness & Mutations

You thrive by killing the living.
You are immune to poison.
You have sharp fingernails.
Your flesh is cold resistant. (rC+)
You are immune to negative energy. (rN+++)
You do not regenerate when monsters are visible.
You are immune to unholy pain and torment.


Message History

The lemure hits you.
You barely miss the lemure.
The lemure is moderately wounded.
The lemure hits you!
* * * LOW HITPOINT WARNING * * *
You hit the lemure.
The lemure is heavily wounded.
The lemure hits you.
* * * LOW HITPOINT WARNING * * *
Aiming: Corrosive Bolt
Press: ? - help, Shift-Dir - straight line, f - lemure
Aim: a lemure (heavily wounded, 64% to hit)
The bolt of acid hits the lemure!
The lemure is splashed with acid.
The lemure is almost dead.
The lemure closely misses you.
Unknown command.
Aiming: Corrosive Bolt
Press: ? - help, Shift-Dir - straight line, f/p - lemure
Aim: a lemure (almost dead, 64% to hit)
The bolt of acid misses the lemure.
The now-empty wand crumbles to dust.
The lemure hits you.
* * * LOW HITPOINT WARNING * * *
Unknown command.
Unknown command.
You don't have any such object.
Evoke which item? (* to show all) (? for menu, Esc to quit)
Okay, then.
Unknown command.
Okay, then.
Aiming: Paralyse
Press: ? - help, Shift-Dir - straight line, f/p - lemure
Aim: a lemure (almost dead, chance to affect: 53%)
The lemure resists with significant effort.
The lemure barely misses you.
Aiming: Paralyse
Press: ? - help, Shift-Dir - straight line, f/p - lemure
Aim: a lemure (almost dead, chance to affect: 53%)
The lemure resists with significant effort.
The lemure hits you!
You die...

####### ## ########## #.....#
.#### #........# #.....# ....##
#........# #.....# .....#
#........# #.....#
###..###........##########.....##
#..............................
####..........@###########...##
###.........5...#######.#...
##...........)....^.##.####
#.........####.........####
#.........# #.............
####.######### #.............
#..†.# ######.....######## #.####
##......[...#W...... ####.#
#..####.##..#w..#...


You could see a lemure.

Vanquished Creatures
  Grinder (D:3)
  2 ogres
  2 lemures (D:3)
  Ijyb (D:3)
  Terence (D:3)
  Natasha (twice) (D:3)
  2 iguanas (D:4)
  4 gnolls (D:2)
  6 adders
  5 worms
  3 orcs
  4 endoplasms
  3 giant cockroaches
  6 goblins
  4 hobgoblins
  2 jackals (D:3)
  9 kobolds
  2 quokkas (D:2)
  3 ball pythons
  3 bats
  4 frilled lizards
  3 rats
72 creatures vanquished.

Notes
Turn   | Place    | Note
-------+----------+-------------------------------------------
     0 | D:1      | belegose the Ghoul Brigand began the quest for the Orb.
     0 | D:1      | Reached XP level 1. HP: 17/17 MP: 0/0
   170 | D:1      | Reached skill level 1 in Dodging
   435 | D:1      | Reached XP level 2. HP: 18/25 MP: 1/1
   887 | D:1      | Found a faded altar of an unknown god.
  1221 | D:2      | Found a shimmering blue altar of Sif Muna.
  1432 | D:2      | Reached XP level 3. HP: 18/30 MP: 2/2
  1559 | D:2      | Noticed an ogre
  1589 | D:2      | Killed an ogre
  1590 | D:2      | Reached skill level 1 in Evocations
  1590 | D:2      | Reached XP level 4. HP: 38/38 MP: 3/3
  1627 | D:2      | Reached skill level 5 in Stealth
  1627 | D:2      | Reached XP level 5. HP: 36/45 MP: 4/4
  3227 | D:3      | Noticed Grinder
  3283 | D:3      | Noticed Natasha
  3294 | D:3      | Killed Natasha
  3454 | D:3      | Noticed coolguy420's ghost (amateur HuCj)
  3458 | D:3      | Found a runed translucent gate.
  3458 | D:3      | Found a runed translucent gate.
  3458 | D:3      | Found a runed translucent gate.
  3725 | D:3      | Reached XP level 6. HP: 48/51 MP: 5/5
  3800 | D:3      | Noticed Ijyb
  3810 | D:3      | Paralysed by Ijyb for 2 turns
  3818 | D:3      | Noticed Terence
  3819 | D:3      | Killed Ijyb
  3823 | D:3      | Killed Terence
  4066 | D:4      | Noticed Pikel
  4080 | D:3      | Paralysed by Grinder for 5 turns
  4087 | D:3      | Killed Grinder
  4088 | D:3      | Reached XP level 7. HP: 46/59 MP: 6/6
  4157 | D:3      | Noticed Natasha
  4173 | D:3      | Killed Natasha
  4350 | D:3      | Found an opulent altar of Gozag.
  4350 | D:3      | Found a stormy altar of Qazlal.
  5004 | D:3      | HP: 2/59 [lemure[Pikel] (5)]
  5006 | D:3      | Slain by a lemure

Illustrated notes

Levels and vault maps discovered:
D:1:      dpeg_arrival_yet_another_circle, layout_basic,
          shapermc_ecumenical_altar_venn
D:2:      layout_loops_corners, basic_altar
D:3:      layout_rooms, gammafunk_temple_overflow_statue, gammafunk_ghost_split,
          st_stairs_9, uniq_grinder, uniq_natasha, uniq_ijyb, uniq_terence
D:4:      layout_cave_pools, nicolae_dithmenos_through_a_glass_darkly,
          gammafunk_ghost_grave, uniq_pikel

Skill      XL: |  1  2  3  4  5  6  7 |
---------------+----------------------+-----
Dodging        | 1 2 3 |  3.0
Short Blades   | 2 3 |  3.3
Throwing       | 2 3 |  3.3
Fighting       | 3 4 |  4.2
Evocations     | 1 2 |  2.5
Stealth        | 5 |  5.9

Action                   |  1- 3 |  4- 6 |  7- 9 || total
-------------------------+-------+-------+-------++-------
Melee: Dagger            |    50 |   196 |       ||   246
       Short sword       |       |    11 |    94 ||   105
Throw: Dart              |     4 |    12 |     8 ||    24
Evoke: Wand              |       |     5 |     4 ||     9
  Use: Scroll            |       |       |     6 ||     6
 Stab: Sleeping          |    10 |     3 |       ||    13
       Distracted        |       |     2 |       ||     2
Armor: Robe              |     9 |    52 |    16 ||    77
Dodge: Dodged            |    15 |   107 |    39 ||   161
